AoeStats
← waLLefps.

Arabia

507498482Analyzed
1v1 RM · 13d ago on Sep 18, 2026· 39m 49s· 2 players
Game mode
Random Map
Map size
Tiny (2 player)
Population
200
Speed
Normal
Resources
Standard
Victory
Conquest
Starting age
Dark Age
Ending age
Imperial Age
RankedLock teamsTeams togetherTeam positionsShared explorationLock speedFull tech treeHidden civsTurbo modeCheats
Victory
Defeat
🇹🇷 Malay · Türkiye
1372
+18
🇹🇼 Khmer · Taiwan
1419
-18
waLLefps.
7:23 Loom
10:03 Feudal Age
9:42 Double-Bit Axe
18:57 Castle Age
16:43 Horse Collar
17:30 Fletching
18:24 Padded Archer Armor
18:41 Crossbowman
22:07 Wheelbarrow
23:47 Bow Saw
27:40 Bodkin Arrow
28:31 Hand Cart
28:04 Town Watch
29:42 Forging
28:59 Pikeman
29:40 Squires
31:43 Iron Casting
36:34 Imperial Age
34:33 Gold Mining
35:17 Leather Archer Armor
36:41 Conscription
37:26 Blast Furnace
37:31 Chemistry
36:53 Halberdier
37:34 Elite Karambit Warrior
存在即合理
5:20 Loom
9:25 Feudal Age
10:14 Double-Bit Axe
15:26 Horse Collar
19:58 Castle Age
19:06 Forging
19:02 Scale Barding Armor
19:00 Gold Mining
19:28 Bloodlines
21:11 Bow Saw
20:34 Light Cavalry
23:16 Heavy Plow
24:33 Town Watch
28:03 Chain Barding Armor
29:09 Husbandry
29:46 Wheelbarrow
31:41 Hand Cart
38:54 Imperial Age
37:05 Gold Shaft Mining
37:21 Iron Casting
40:45 Blast Furnace
Connection lost

Rejoining the realm…

Still unreachable

The connection could not be restored.

Session expired

The server has moved on; the page needs a fresh start.